 Dungeon Crawl Stone Soup version 0.27.1-34-g3ba077fa99 (webtiles) character file.

Game seed: 7023006355411907814

143 Sharkman1231 the Vexing (level 5, -2/38 HPs)
             Began as a Demonspawn Enchanter on Jan 19, 2022.
             Slain by a hobgoblin (4 damage)
             ... led by Robin
             ... on level 3 of the Dungeon.
             The game lasted 00:05:15 (3358 turns).

Sharkman1231 the Vexing (Demonspawn Enchanter)      Turns: 3358, Time: 00:05:16

Health: -2/38      AC:  2    Str:  8    XL:     5   Next: 4%
Magic:  8/8        EV: 12    Int: 17    God:
Gold:   27         SH:  0    Dex: 14    Spells: 5/8 levels left

rFire    . . .     SeeInvis .   a - +1 dagger
rCold    + . .     Faith    .   (no shield)
rNeg     . . .     Spirit   .   b - +0 robe
rPois    .         Reflect  .   (no helmet)
rElec    .         Harm     .   (no cloak)
rCorr    .         Rampage  .   (no gloves)
Will     .....                  (no boots)
Stlth    ++........             (no amulet)
HPRegen  0.12/turn              f - ring of protection from cold
MPRegen  0.11/turn              (no ring)

@: no status effects
A: talons 1, demonic magic 1
a: no special abilities


You were on level 3 of the Dungeon.
You visited 1 branch of the dungeon, and saw 3 of its levels.

You collected 49 gold pieces.
You spent 22 gold pieces at shops.

Inventory:

Hand Weapons
 a - a +1 dagger (weapon)
Armour
 b - a +0 robe (worn)
Jewellery
 f - a ring of protection from cold (left hand)
Wands
 g - a wand of flame (27)
Scrolls
 c - a scroll of noise
 e - a scroll of fog
Potions
 d - a potion of brilliance {unknown}


   Skills:
 + Level 1.7 Fighting
 + Level 2.0 Short Blades
 + Level 2.6 Dodging
 + Level 3.4 Stealth
 - Level 2.0 Spellcasting
 + Level 3.5 Hexes
 + Level 1.0 Ice Magic


You had 5 spell levels left.
You knew the following spells:

 Your Spells              Type           Power      Damage    Failure   Level
a - Ensorcelled Hibernat  Hex/Ice        18%        N/A       12%         2
b - Corona                Hex            14%        N/A       4%          1

Your spell library contained the following spells:

 Spells                   Type           Power      Damage    Failure   Level
 Confusing Touch          Hex            13%        N/A       14%         3
 Tukima's Dance           Hex            13%        N/A       14%         3
 Dazzling Flash           Conj/Hex       14%        N/A       28%         3


Dungeon Overview and Level Annotations

Branches:
Dungeon (3/15)

Altars:
Hepliaklqana

Shops:
D:1 ??[([

Annotations:
D:2 Robin


Innate Abilities, Weirdness & Mutations

You have sharp toenails.
Spells you cast may paralyse adjacent enemies.


Message History

You start resting.
Magic restored.
You start resting.
HP restored.
You see here a +0 club.
Things that are here:
a +0 mace; a +0 ring mail You see here a +0 club.
There is a stone staircase leading up here.
You climb upwards.
Level annotation: Robin The bat hits you but does no damage.
The bat closely misses you. The goblin hits you with a +0 club.
Robin roars a battlecry!
The goblins go into a battle-frenzy!
The hobgoblin barely misses you. The goblin completely misses you.
The goblin hits you with a +0 dagger. The goblin hits you but does no damage.
There is a stone staircase leading down, spattered with blood here.
The bat misses you. Robin throws the goblin at you! The hobgoblin hits you.
The goblin hits you but does no damage. x2; The goblin barely misses you.
The goblin hits you with a +0 club.
You climb downwards.
There is a stone staircase leading up here.
Unknown command.
The goblin misses you. The goblin hits you but does no damage.
The hobgoblin closely misses you.
You hit the goblin but do no damage. The goblin hits you but does no damage.
The goblin hits you with a +0 dagger. The goblin closely misses you.
Unknown command.
The goblin barely misses you. x2; The hobgoblin hits you.
The goblin hits you with a +0 dagger.
* * * LOW HITPOINT WARNING * * *
The goblin hits you with a +0 dagger.
* * * LOW HITPOINT WARNING * * *
The goblin hits you but does no damage. The hobgoblin hits you.
* * * LOW HITPOINT WARNING * * *
The hobgoblin no longer looks unusually strong.
The hobgoblin hits you.
You die...

#...#
#...#######
#.........#
#.........#
###g.[)...#
#g##<...#
#g##)####
#g##.#
#@####
#.####
#....#
####o# #.#
#o...#
#.#### #


You could see a hobgoblin and 3 goblins.

Vanquished Creatures
  An orc priest (D:3)
  Natasha (D:3)
  2 adders (D:2)
  2 dart slugs
  An orc (D:3)
  7 ball pythons
  6 endoplasms
  3 giant cockroaches
  11 goblins
  7 hobgoblins
  3 jackals
  5 kobolds
  3 quokkas
  3 frilled lizards
  4 rats
59 creatures vanquished.

Notes
Turn   | Place    | Note
-------+----------+-------------------------------------------
     0 | D:1      | Sharkman1231 the Demonspawn Enchanter began the quest for
                  | the Orb.
     0 | D:1      | Reached XP level 1. HP: 13/13 MP: 3/3
    29 | D:1      | Reached skill level 1 in Short Blades
   168 | D:1      | Found Couqium's Magic Scroll Boutique.
   187 | D:1      | Gained mutation: Spells you cast may paralyse adjacent
                  | enemies. [demonic ancestry]
   187 | D:1      | Reached XP level 2. HP: 17/20 MP: 5/5
   228 | D:1      | Learned a level 2 spell: Ensorcelled Hibernation
   579 | D:1      | Found Destur's Magic Scroll Shop.
   584 | D:1      | Found Iwke's Antique Armour Boutique.
   824 | D:1      | Found Ommoa's Antique Weapon Emporium.
  1158 | D:1      | Reached skill level 1 in Fighting
  1177 | D:1      | Reached XP level 3. HP: 26/26 MP: 6/6
  1227 | D:1      | Found Witexzul's Armour Emporium.
  1399 | D:1      | Found a hazy altar of Hepliaklqana.
  1491 | D:1      | Bought a scroll of identify for 22 gold pieces
  2066 | D:2      | Noticed Natasha
  2078 | D:1      | Reached XP level 4. HP: 18/32 MP: 2/7
  2466 | D:2      | Noticed Robin
  2495 | D:3      | Killed Natasha
  2497 | D:3      | HP: 1/32 [hobgoblin (5)]
  3199 | D:3      | Reached skill level 1 in Ice Magic
  3199 | D:3      | Gained mutation: You have sharp toenails. [demonic
                  | ancestry]
  3199 | D:3      | Reached XP level 5. HP: 21/38 MP: 0/8
  3358 | D:3      | Slain by a hobgoblin

Illustrated notes

Levels and vault maps discovered:
D:1:      sevenhm_arrival_forest_fort_small_6, layout_basic, serial_shops, shop,
          shop, nicolae_shop_statue_plus, nicolae_square_shop, shop_scrolls
D:2:      minmay_angry_zag, layout_rooms, chequers_decorated_corner, uniq_robin,
          uniq_natasha
D:3:      layout_basic, grunt_qazlal_clouds, mainiacjoe_overflow_24_doors,
          hellmonk_ecumenical_altar_crossroads

Skill      XL: |  1  2  3  4 |
---------------+-------------+-----
Short Blades   | 1 2 |  2.0
Dodging        | 2 |  2.6
Stealth        | 3 |  3.4
Fighting       | 1 |  1.7
Ice Magic      | 1 |  1.0
Spellcasting   | |  2.0
Hexes          | |  3.5

Action                   |  1- 3 |  4- 6 || total
-------------------------+-------+-------++-------
Melee: Dagger            |   109 |    41 ||   150
 Cast: Ensorcelled Hiber |    24 |     9 ||    33
       Corona            |       |     2 ||     2
  Use: Scroll            |     2 |     1 ||     3
       Potion            |       |     1 ||     1
 Stab: Sleeping          |    19 |     7 ||    26
       Paralysed         |     7 |     5 ||    12
Armor: Robe              |    15 |    15 ||    30
Dodge: Dodged            |    56 |    42 ||    98
